 Dungeon Crawl Stone Soup version 0.30-a0-758-gc2c871d025 (webtiles) character file.

Game seed: 12515006044766318869

3338 gyole the Basher (level 10, -2/63 HPs)
             Began as a Kobold Monk on Feb 10, 2023.
             Was a Believer of Ashenzari.
             Slain by a yak (8 damage)
             ... on level 10 of the Dungeon.
             The game lasted 00:29:52 (11628 turns).

gyole the Basher (Kobold Monk)                     Turns: 11628, Time: 00:29:53

Health: -2/63      AC:  9    Str: 13    XL:     10   Next: 22%
Magic:  10/10      EV: 20    Int: 11    God:    Ashenzari [**....]
Gold:   261        SH:  5    Dex: 18    Spells: 9/9 levels left

rFire   + + .      SeeInvis +    b - +1 triple crossbow
rCold   x . .      Faith    .    (shield currently unavailable)
rNeg    . . .      Spirit   .    H - +3 leather armour "I Knew You'd Do That" {rF+, Cun, Elem} (curse)
rPois   .          Reflect  +    (no helmet)
rElec   +          Harm     .    v - +2 cloak "Astral Regret" {rCorr, Bglg, Fort} (curse)
rCorr   +          Rampage  .    (no gloves)
Will    +....                    (no boots)
Stlth   +++++                    d - amulet of the Wild Blue Yonder {Reflect SH+5, Fort, Comp} (curse)
HPRegen 0.30/turn                K - +4 ring of slaying
MPRegen 0.12/turn                L - ring of Yhe Ycra {Fire rElec Will+}

@: no status effects
A: small, no large weapons, nightstalker 3
a: Renounce Religion, Curse Item, Shatter the Chains


You were on level 10 of the Dungeon.
You worshipped Ashenzari.
Ashenzari was pleased with you.
You visited 2 branches of the dungeon, and saw 11 of its levels.

You collected 561 gold pieces.
You spent 300 gold pieces at shops.

Inventory:

Hand Weapons
 a - a +5 mace
 b - a +1 triple crossbow (weapon)
 p - a +0 hand axe of draining
 t - a +0 shortbow
 B - a +2 hand axe of venom
 O - the +4 long sword of Giutolo {flame, rF+}
   (You found it on level 8 of the Dungeon)

   rF:        It protects you from fire.
Missiles
 q - 5 curare-tipped darts
 D - 10 poisoned darts
Armour
 m - +0 acid dragon scales
 v - the cursed +2 cloak "Astral Regret" (worn) {rCorr, Bglg, Fort}
   (You bought it in a shop on level 3 of the Dungeon)

   It has a curse which improves the following skills: Beguiling: Conjurations,
   Hexes and Translocations.
   Fortitude: Armour and Shields.
 H - the cursed +3 leather armour "I Knew You'd Do That" (worn) {rF+, Cun, Elem}
   (You bought it in a shop on level 3 of the Dungeon)

   It has a curse which improves the following skills: Cunning: Dodging and
   Stealth.
   Elements:  Fire Magic, Ice Magic, Air Magic and Earth Magic.
Magical Staves
 I - a staff of air
Jewellery
 d - the cursed amulet of the Wild Blue Yonder (around neck) {Reflect SH+5, Fort, Comp}
   (You found it on level 1 of the Dungeon)

   [amulet of reflection]

   It reflects blocked missile attacks.
   SH:        It affects your SH (+5).
   It has a curse which improves the following skills: Fortitude: Armour and
   Shields.
   Companions: Summonings and Necromancy.
 g - a ring of ice
 r - a ring of protection from fire
 G - an amulet of the acrobat
 K - a +4 ring of slaying (left hand)
 L - the ring of Yhe Ycra (right hand) {Fire rElec Will+}
   (You found it on level 8 of the Dungeon)

   [ring of fire]

   It enhances your fire magic.
   rF:        It protects you from fire.
   rC:        It makes you vulnerable to cold.
   rElec:     It insulates you from electricity.
   Will:      It increases your willpower.
Wands
 z - a wand of iceblast (6)
 J - a wand of mindburst (20)
Scrolls
 e - a scroll of noise
 h - 3 scrolls of torment
 j - a scroll of blinking
 k - 2 scrolls of fog
 l - a scroll of fear
 o - a scroll of amnesia
 u - a scroll of immolation
 w - a scroll of vulnerability
 x - 4 scrolls of teleportation
 y - a scroll of enchant armour
 F - a scroll of magic mapping
Potions
 c - 3 potions of ambrosia
 i - 5 potions of curing
 n - 2 potions of flight
 s - a potion of resistance
 A - a potion of cancellation
 E - a potion of heal wounds


   Skills:
 + Level 7.2 Fighting
 * Level 8.1 Maces & Flails
 * Level 1.0 Ranged Weapons
 + Level 2.5(4.1) Armour
 + Level 7.8(9.1) Dodging
 - Level 7.8(9.1) Stealth
 + Level 4.5 Evocations


You had 9 spell levels left.
You didn't know any spells.
Your spell library contained the following spells:

 Spells                   Type           Power      Damage    Failure   Level
 Freeze                   Ice            0%         1d3       38%         1
 Magic Dart               Conj           0%         1d3       38%         1
 Searing Ray              Conj           0%         2d4       54%         2
 Call Canine Familiar     Summ           0%         N/A       77%         3
 Frozen Ramparts          Ice            0%         1d1       77%         3
 Hailstorm                Conj/Ice       0%         3d3       77%         3
 Portal Projectile        Hex/Tloc       0%         N/A       77%         3
 Fulminant Prism          Conj/Hex       0%         3d5       99%         4
 Leda's Liquefaction      Hex/Erth       0%         N/A       99%         4


Dungeon Overview and Level Annotations

Branches:
Dungeon (10/15)            Temple (1/1) D:4            Lair (0/5) D:9
    Orc (0/2) D:10

Altars:
Ashenzari
Cheibriados
Dithmenos
Elyvilon
Fedhas
Gozag
Hepliaklqana
Kikubaaqudgha
Makhleb
Nemelex Xobeh
Okawaru
Qazlal
Ru
Sif Muna
Trog
Uskayaw
Vehumet
Wu Jian
Xom
Yredelemnul
Zin
The Shining One

Shops:
D:3 [

Annotations:
D:4 exclusion: hobgoblin, Blork the orc, Edmund, Menkaure
D:6 exclusion: 2 sensed monsters (detected)
D:8 5 runed translucent doors, exclusions: door, sensed monster (detected) and two-headed ogre
D:10 exclusion: vampire


Innate Abilities, Weirdness & Mutations

You are small and have problems with some larger weapons.
You are completely attuned to the shadows.


Message History

The wight closely misses you. You block the yak's attack. The yak gores you!
* * * LOW HITPOINT WARNING * * *
The wight hits you from afar with a +3 spear of freezing.
* * * LOW HITPOINT WARNING * * *
The wight freezes you.
* * * LOW HITPOINT WARNING * * *
You block the yak's attack. The yak closely misses you.
Unknown command.
The yak attacks as you move away! The yak misses you.
Unknown command.
The yak closely misses you.
As you read the scroll of fear, it crumbles to dust.
You assume a fearsome visage.
The wight is unaffected.
The yak looks frightened! x2
Unknown command.
Fire: b) +1 triple crossbow
Press: ? - help, Q - select action, (/) - cycle Shift-Dir - straight line, f/p - yak
Aim: a yak (heavily wounded, 75% to hit)
You shoot a bolt. The bolt hits the yak!
Your attack snaps the yak out of its fear.
The yak is severely wounded.
The wight hits you but does no damage. You block the wight's attack.
Fire: b) +1 triple crossbow
Press: ? - help, Q - select action, (/) - cycle Shift-Dir - straight line, f - wight, p - yak
Aim: a wight, wielding a +3 spear of freezing and wearing a +0 robe (severely damaged, 65% to hit)
You shoot a bolt.
The bolt hits the wight but does no damage.
The wight is severely damaged.
The wight completely misses you.
The wight hits you from afar with a +3 spear of freezing.
* * * LOW HITPOINT WARNING * * *
The wight freezes you.
* * * LOW HITPOINT WARNING * * *
The yak misses you.
The wight hits you from afar with a +3 spear of freezing.
* * * LOW HITPOINT WARNING * * *
The wight freezes you.
* * * LOW HITPOINT WARNING * * *
The yak gores you!
You die...

...........# , #....# ,,
...........# , ,#....# *
#######....# #....# ,,
......#....# , #....# * ,
......'....# ,#....# ,,,
####..#....# ,#....# *
...##'#....#######....#
...#..#...............#
...'..#.........@.....#
...#..#..........Y....#
...#..#.........z.....#
..###'#...............#
..#...#....#######....#
..#...#....#.....+....#
..#...######.....#....#
..#...##.........#....######
..######..>#.....###Y#.....#


You could see a yak and a wight.

Vanquished Creatures
  3 yaks (D:9)
  A shadow (D:10)
  An acid dragon (D:10)
  An orc warrior (D:10)
  A black bear (D:6)
  A sky beast (D:6)
  2 ogres (D:6)
  2 centaurs (D:9)
  A phantom (D:3)
  A kobold brigand (D:9)
  2 scorpions
  2 bullfrogs
  9 wights
  7 killer bees
  5 howler monkeys
  2 orc priests
  A gnoll bouda (D:4)
  A hound (D:5)
  Terence (D:3)
  8 orc wizards
  3 iguanas
  13 gnolls
  4 adders
  2 white imps
  3 ufetubi
  A dart slug (D:1)
  19 orcs
  7 ball pythons
  9 bats
  6 endoplasms
  2 giant cockroaches
  5 hobgoblins
  9 kobolds
  4 quokkas
  A frilled lizard (D:1)
  7 goblins
  3 rats (D:1)
150 creatures vanquished.

Vanquished Creatures (others)
  6 plants (D:4)
6 creatures vanquished.

Grand Total: 156 creatures vanquished

Notes
Turn   | Place    | Note
-------+----------+-------------------------------------------
     0 | D:1      | gyole the Kobold Monk began the quest for the Orb.
     0 | D:1      | Reached XP level 1. HP: 14/14 MP: 1/1
   199 | D:1      | Reached XP level 2. HP: 18/19 MP: 2/2
   310 | D:1      | Reached skill level 3 in Maces & Flails
   758 | D:1      | Reached XP level 3. HP: 23/23 MP: 3/3
  1933 | D:3      | Noticed Terence
  1963 | D:3      | Found a faded altar of an unknown god.
  1972 | D:3      | Prayed at the altar of an unknown god.
  1972 | D:3      | Became a worshipper of Ashenzari the Shackled
  1976 | D:3      | Reached * piety under Ashenzari
  2092 | D:3      | Noticed a phantom
  2154 | D:3      | Noticed a scorpion
  2200 | D:3      | Found Peruret's Antique Armour Boutique.
  2242 | D:3      | Bought a runed cloak for 180 gold pieces
  2274 | D:3      | Reached XP level 4. HP: 30/30 MP: 4/4
  2610 | D:4      | Noticed Blork the orc
  2651 | D:4      | Noticed Menkaure
  2864 | D:4      | Reached XP level 5. HP: 35/35 MP: 5/5
  2941 | D:4      | Reached ** piety under Ashenzari
  3197 | D:4      | Found a staircase to the Ecumenical Temple.
  3204 | Temple   | Entered the Ecumenical Temple
  3364 | D:4      | Noticed Edmund
  3762 | D:4      | Reached skill level 4 in Maces & Flails
  3778 | D:4      | Reached XP level 6. HP: 28/41 MP: 6/6
  4972 | D:5      | Entered Level 5 of the Dungeon
  5116 | D:5      | Reached skill level 5 in Dodging
  5258 | D:4      | Reached XP level 7. HP: 47/47 MP: 7/7
  5368 | D:5      | Found a hide-covered altar of Uskayaw.
  5456 | D:5      | Reached skill level 5 in Stealth
  5966 | D:6      | Reached skill level 5 in Maces & Flails
  5991 | D:6      | Reached skill level 5 in Fighting
  6276 | D:6      | Reached XP level 8. HP: 53/53 MP: 8/8
  6912 | D:6      | Reached skill level 6 in Maces & Flails
  7948 | D:7      | Found an iron altar of Okawaru.
  7949 | D:7      | Found a hazy altar of Hepliaklqana.
  7953 | D:7      | Found a broken altar of Ashenzari.
  8063 | D:7      | Reached skill level 1 in Evocations
  8294 | D:7      | Found a basalt altar of Yredelemnul.
  8297 | D:7      | Noticed a profane servitor
  8311 | D:7      | Found a glowing golden altar of the Shining One.
  8314 | D:7      | Noticed an angel
  8526 | D:3      | Bought a dyed leather armour for 120 gold pieces
  8681 | D:3      | Killed Terence
  8888 | D:8      | Identified the +4 long sword of Giutolo {flame, rF+}
  9022 | D:8      | Reached XP level 9. HP: 57/57 MP: 9/9
  9037 | D:8      | Identified the ring of Yhe Ycra {Fire rElec Will+}
  9077 | D:8      | Found the +9 staff of Olgreb {rPois∞}
  9102 | D:8      | Found a runed translucent door.
  9110 | D:8      | Found a runed translucent gate.
  9112 | D:8      | Found a runed translucent gate.
  9112 | D:8      | Found a runed translucent gate.
  9127 | D:8      | Found a runed translucent door.
  9325 | D:8      | Noticed a two-headed ogre
  9551 | D:9      | Found a white marble altar of Elyvilon.
  9906 | D:8      | Reached skill level 1 in Armour
  9970 | D:8      | Reached skill level 7 in Maces & Flails
 10015 | D:9      | Noticed a troll
 10371 | D:9      | Found a staircase to the Lair.
 10819 | D:9      | Found a stormy altar of Qazlal.
 10980 | D:10     | Entered Level 10 of the Dungeon
 11046 | D:10     | Reached XP level 10. HP: 61/61 MP: 10/10
 11392 | D:10     | Reached skill level 8 in Maces & Flails
 11457 | D:10     | Found a staircase to the Orcish Mines.
 11460 | D:10     | Found a sacrificial altar of Ru.
 11601 | D:10     | Reached skill level 1 in Ranged Weapons
 11628 | D:10     | Slain by a yak

Illustrated notes

Levels and vault maps discovered:
D:1:      heliophobic_arrival_glass_houses, layout_basic, minmay_misc_feat_x,
          minmay_misc_feat_encased
D:2:      kennysheep_big_flooded_room, layout_loops_cross,
          minmay_misc_feat_square
D:3:      layout_basic, serial_shops, nicolae_square_shop,
          ebering_ecumenical_altar_webs, uniq_terence
D:4:      layout_layer_cave, temple_fountains, roderic_nine_men_s_morris,
          serial_bayou_pond_c, uniq_blork_the_orc, uniq_menkaure, uniq_edmund
D:5:      layout_rooms, mainiacjoe_overflow_tiny_flanked
D:6:      layout_layer_cave
D:7:      layout_gridville, grunt_temple_overflow_holy_war,
          chequers_temple_overflow_statue_of_worship, serial_bayou_crossing
D:8:      layout_basic, hex_tiny, hangedman_decor_slide_cut,
          minmay_guarded_unrand_staff_of_olgreb
D:9:      layout_cave_pools, nicolae_qazlal_general_emergency,
          overflow_temple_1_default, lair_entry_dummy
D:10:     layout_gridville, mainiacjoe_overflow_alcove_2, orc_0_dummy
Temple:   cyrus_circular_temple

Skill      XL: |  1  2  3  4  5  6  7  8  9 10 |
---------------+-------------------------------+-----
Stealth        | 3 4 5 7 |  7.8
Maces & Flails | 3 4 5 6 7 8 |  8.1
Dodging        | 4 5 6 7 |  7.8
Fighting       | 4 5 6 7 |  7.2
Evocations     | 1 3 4 |  4.5
Armour         | 2 |  2.5
Ranged Weapons | 1 |  1.0

Action                     |  1- 3 |  4- 6 |  7- 9 | 10-12 || total
---------------------------+-------+-------+-------+-------++-------
  Melee: Mace              |    91 |   135 |   423 |    30 ||   679
         Punch             |       |     3 |     6 |       ||     9
   Fire: Triple crossbow   |       |       |       |     9 ||     9
  Throw: Dart              |       |    13 |    31 |     2 ||    46
 Invoke: Curse Item        |     2 |     1 |     2 |       ||     5
         Shatter the Chain |       |       |     2 |       ||     2
  Evoke: Wand              |       |       |     6 |       ||     6
    Use: Potion            |       |     4 |     2 |       ||     6
         Scroll            |       |     1 |       |     2 ||     3
   Stab: Sleeping          |    15 |     6 |     5 |       ||    26
         Distracted        |       |       |     2 |       ||     2
 Armour: Robe              |    13 |    17 |    37 |       ||    67
         Leather armour    |       |       |    25 |     7 ||    32
  Dodge: Dodged            |    59 |   114 |   404 |    54 ||   631
  Block: Other             |       |       |    84 |    13 ||    97

Table legend: (Time is in decaauts)
 A = Elapsed time spent in this place.
 B = Non-inter-level travel time spent in this place.
 C = Inter-level travel time spent in this place.
 D = Time resting spent in this place.
 E = Time spent auto-exploring this place.
 F = Levels seen in this place.
 G = Mean time per level.
                   A        B        C        D        E       F      G
               +--------+--------+--------+--------+--------+-----+--------+
         Total |  11719 |  10978 |    741 |   1493 |   7278 |  11 | 1065.4 |
       Dungeon |  11623 |  10894 |    729 |   1493 |   7206 |  10 | 1162.3 |
        Temple |     96 |     84 |     12 |      0 |     72 |   1 |   96.0 |
               +--------+--------+--------+--------+--------+-----+--------+

Top non-repeatable levels by time:
     D:4: 2378 daAuts
     D:6: 1731 daAuts
     D:8: 1177 daAuts
     D:3: 1127 daAuts
     D:1: 1083 daAuts
     D:5: 913 daAuts
     D:9: 911 daAuts
     D:7: 844 daAuts
     D:2: 798 daAuts
    D:10: 657 daAuts
  Temple: 96 daAuts
